 Dungeon Crawl Stone Soup version 0.31-a0-844-gdc52ec4e09 (webtiles) character file.

Game seed: 12304648598072329345

60 lonewolfV2 the Trooper (level 3, -1/29 HPs)
             Began as a Demonspawn Fighter on Sept 29, 2023.
             Killed from afar by Sigmund (6 damage)
             ... with a puff of flame
             ... on level 2 of the Dungeon.
             The game lasted 00:02:17 (1430 turns).

lonewolfV2 the Trooper (Demonspawn Fighter)         Turns: 1430, Time: 00:02:18

Health: -1/29      AC:  8    Str: 18    XL:     3   Next: 82%
Magic:  3/3        EV:  9    Int:  9    God:
Gold:   50         SH:  9    Dex: 12    Spells: 2/2 levels left

rFire   . . .        a - +0 war axe
rCold   . . .        c - +0 buckler
rNeg    . . .        b - +0 scale mail
rPois   .            (no helmet)
rElec   .            (no cloak)
rCorr   .            (no gloves)
SInv    .            (no boots)
Will    .....        j - amulet of reflection Stlth
                     (no ring)
HPRegen 0.24/turn    (no ring)
MPRegen 0.08/turn

%: reflection
@: no status effects
A: molten scales 1, spiny 1
a: no special abilities


You were on level 2 of the Dungeon.
You visited 1 branch of the dungeon, and saw 2 of its levels.

You collected 50 gold pieces.

Inventory:

Hand Weapons
 a - a +0 war axe (weapon)
Armour
 b - a +0 scale mail (worn)
 c - a +0 buckler (worn)
Jewellery
 g - an amulet of faith
 j - an amulet of reflection (around neck)
Scrolls
 e - a scroll of identify
 f - a scroll of immolation
 k - 2 scrolls of teleportation
Potions
 d - a potion of might
 h - a potion of enlightenment
 i - a potion of invisibility


   Skills:
 + Level 3.3 Fighting
 + Level 2.5 Axes
 + Level 3.1 Armour
 + Level 0.4 Dodging
 + Level 3.1 Shields


You had 2 spell levels left.
You didn't know any spells.
Your spell library contained the following spells:

 Spells                   Type           Power      Damage    Failure   Level
 Blink                    Tloc           0%         N/A       94%         2
 Manifold Assault         Tloc           0%         N/A       100%        4


Dungeon Overview and Level Annotations

Branches:
Dungeon (2/15)

Altars:

Shops:
D:2 !

Annotations:
D:2 Sigmund


Innate Abilities, Weirdness & Mutations

You are partially covered in molten scales. (AC +2)
You are partially covered in sharp spines.


Message History

Sigmund gestures wildly while chanting.
Sigmund flickers and vanishes!
Deactivating autopickup; reactivate with Ctrl-A.
Things that are here:
a +0 dagger; a ball python corpse
Things that are here:
a +0 dagger; a ball python corpse You see here a hobgoblin corpse.
Something hits you.
Things that are here:
a +0 dagger; a ball python corpse Something hits you!
You see here a hobgoblin corpse.
Things that are here:
a +0 dagger; a ball python corpse Something hits you.
You see here a hobgoblin corpse.
Something hits you!
* * * LOW HITPOINT WARNING * * *
Things that are here:
a +0 dagger; a ball python corpse You see here a hobgoblin corpse.
Something hits you.
* * * LOW HITPOINT WARNING * * *
Things that are here:
a +0 dagger; a ball python corpse You hit something but do no damage.
Something hits you but does no damage. Something hits you.
* * * LOW HITPOINT WARNING * * *
You see here a hobgoblin corpse.
Things that are here:
a +0 dagger; a ball python corpse You miss something.
Something hits you.
* * * LOW HITPOINT WARNING * * *
You closely miss something. Something hits you but does no damage.
You hit something.
You hear some strange, mumbled words.
A puff of flame appears from out of thin air!
The puff of flame hits you.
You die...

#........#........
###........#.......
#..........#.......
...........# .....
#####..#.#####.... #
#............# #
##...####.....# #
#...#####?...{#
####......######@#
.##.......######†##
.......(..........##
..##.##............#
.....#..............#
#.##.#..............#
#..#................#
##..#...........<...#
##....>..........[.#


There were no monsters in sight!

Vanquished Creatures
  3 bats (D:1)
  3 endoplasms (D:1)
  3 giant cockroaches
  5 goblins
  8 hobgoblins
  10 jackals
  2 quokkas
  4 ball pythons
  A frilled lizard (D:1)
  4 kobolds
  7 rats
50 creatures vanquished.

Notes
Turn   | Place    | Note
-------+----------+-------------------------------------------
     0 | D:1      | lonewolfV2 the Demonspawn Fighter began the quest for the
                  | Orb.
     0 | D:1      | Reached XP level 1. HP: 18/18 MP: 1/1
    66 | D:1      | Found a faded altar of an unknown god.
   284 | D:1      | Gained mutation: You are partially covered in molten
                  | scales. (AC +2) [demonic ancestry]
   284 | D:1      | Reached XP level 2. HP: 24/24 MP: 2/2
   567 | D:1      | Gained mutation: You are partially covered in sharp spines.
                  | [demonic ancestry]
   567 | D:1      | Reached XP level 3. HP: 20/29 MP: 3/3
  1197 | D:2      | Found Naufoh's Distillery.
  1410 | D:2      | Noticed Sigmund
  1430 | D:2      | Killed from afar by Sigmund

Illustrated notes

Levels and vault maps discovered:
D:1:      giann_horns, layout_basic,
          hellmonk_ecumenical_altar_pennies_from_heaven, nrook_mini_backslash
D:2:      layout_rooms, serial_shops, nicolae_shop_industrial_runoff,
          uniq_sigmund

Skill      XL: |  1  2 |
---------------+-------+-----
Shields        | 3 |  3.1
Axes           | 2 |  2.5
Armour         | 3 |  3.1
Fighting       | |  3.3
Dodging        | |  0.4

Action                     || total
---------------------------++-------
  Melee: War axe           ||   101
    Use: Scroll            ||     5
 Armour: Scale mail        ||   121
  Dodge: Dodged            ||    46
  Block: Buckler           ||    47
         Reflection        ||     2

Table legend: (Time is in decaauts)
 A = Elapsed time spent in this place.
 B = Non-inter-level travel time spent in this place.
 C = Inter-level travel time spent in this place.
 D = Time resting spent in this place.
 E = Time spent auto-exploring this place.
 F = Levels seen in this place.
 G = Mean time per level.
                   A        B        C        D        E       F      G
               +--------+--------+--------+--------+--------+-----+--------+
         Total |   1480 |   1469 |     11 |      0 |   1092 |   2 |  740.0 |
       Dungeon |   1480 |   1469 |     11 |      0 |   1092 |   2 |  740.0 |
               +--------+--------+--------+--------+--------+-----+--------+

Top non-repeatable levels by time:
     D:1: 1212 daAuts
     D:2: 267 daAuts
